 Dungeon Crawl Stone Soup version 0.31-a0-198-g2ad674f65e (webtiles) character file.

Game seed: 16192753985634306090

169 qw the Skirmisher (level 5, 0/29 HPs)
             Began as a Deep Elf Hunter on June 25, 2023.
             Slain by a cerulean imp
             ... wielding a +2 spear
             ... summoned by Natasha
              (2 damage)
             ... on level 4 of the Dungeon.
             The game lasted 00:00:51 (2231 turns).

qw the Skirmisher (Deep Elf Hunter)                 Turns: 2231, Time: 00:00:51

Health: 0/29       AC:  3    Str: 10    XL:     5   Next: 25%
Magic:  7/7        EV: 12    Int: 14    God:
Gold:   93         SH:  0    Dex: 18    Spells: 4/4 levels left

rFire   . . .        Y - +0 shortbow
rCold   . . .        (shield currently unavailable)
rNeg    . . .        c - +0 leather armour
rPois   .            (no helmet)
rElec   .            (no cloak)
rCorr   .            (no gloves)
SInv    .            (no boots)
Will    .....        (no amulet)
Stlth   ++           (no ring)
HPRegen 0.24/turn    (no ring)
MPRegen 0.10/turn

%: no passive effects
@: no status effects
A: no striking features
a: no special abilities


You were on level 4 of the Dungeon.
You visited 1 branch of the dungeon, and saw 4 of its levels.

You collected 93 gold pieces.


   Skills:
 - Level 1.5 Fighting
 + Level 8.7 Ranged Weapons
 - Level 2.4 Dodging
 - Level 1.2 Stealth


You had 4 spell levels left.
You didn't know any spells.
Your spell library was empty.

Inventory:

Hand Weapons
 Y - a +0 shortbow (weapon)
Armour
 c - a +0 leather armour (worn)
Scrolls
 a - 2 scrolls of identify
 d - a scroll of enchant armour {unknown}
Potions
 b - a potion of degeneration {unknown}
 f - a potion of attraction {unknown}

Dungeon Overview and Level Annotations

Branches:
Dungeon (4/15)
 Temple: D:4-7

Altars:

Annotations:
D:4 Natasha


Message History

You shoot an arrow. The arrow hits the cerulean imp.
The cerulean imp is heavily wounded.
The cerulean imp hits you from afar with a +2 spear.
You shoot an arrow.
The arrow barely misses the cerulean imp.
The arrow closely misses Natasha.
Natasha casts a spell.
The cerulean imp barely misses you.
You shoot an arrow. The arrow hits the cerulean imp.
The cerulean imp is heavily wounded.
The cerulean imp hits you from afar with a +2 spear.
You shoot an arrow. The arrow hits the cerulean imp!
You kill the cerulean imp!
The cerulean imp disappears in a puff of smoke!
Natasha closely misses you.
You shoot an arrow. The arrow hits Natasha.
Natasha is lightly wounded.
Natasha barely misses you.
You shoot an arrow. The arrow misses Natasha.
The arrow hits the cerulean imp but does no damage.
The cerulean imp hits you from afar with a +1 spear.
Natasha barely misses you.
You shoot an arrow.
The arrow hits Natasha but does no damage.
Natasha is lightly wounded.
The cerulean imp barely misses you. Natasha claws you but does no damage.
You shoot an arrow. The arrow hits Natasha.
Natasha is moderately wounded.
The cerulean imp hits you from afar with a +1 spear.
Natasha mumbles some strange words.
The cerulean imp hits you from afar with a +1 spear.
You shoot an arrow. The arrow hits Natasha.
Natasha is severely wounded.
Natasha claws you but does no damage.
The cerulean imp hits you from afar with a +1 spear.
You shoot an arrow.
The arrow hits Natasha but does no damage.
Natasha is severely wounded.
The cerulean imp hits you from afar with a +2 spear.
You die...

#######
.......
.......##
.......>#
...h..55# #h#
#@# #.# #.#
#.# #.#
#####.########
#............#
#............#
#............#


You could see Natasha and 2 cerulean imps.

Vanquished Creatures
  A kobold brigand (D:4)
  2 adders
  3 worms
  2 dart slugs
  6 endoplasms
  6 goblins
  5 hobgoblins
  4 jackals (D:3)
  11 kobolds
  5 quokkas
  6 ball pythons
  4 bats
  5 frilled lizards
  7 rats
67 creatures vanquished.

Notes
Turn   | Place    | Note
-------+----------+-------------------------------------------
     0 | D:1      | qw the Deep Elf Hunter began the quest for the Orb.
     0 | D:1      | Reached XP level 1. HP: 12/12 MP: 3/3
     0 | D:1      | 0 ||| qw: Version: 0.3-a-22-g0ed2b0b
     0 | D:1      | 0 ||| qw: Game counter: 5428
     0 | D:1      | 0 ||| qw: Melee chars always use a shield: true
     0 | D:1      | 0 ||| qw: God list: Okawaru
     0 | D:1      | 0 ||| qw: Allow faded altars: false
     0 | D:1      | 0 ||| qw: Do Orc after clearing Dungeon:15 true
     0 | D:1      | 0 ||| qw: Do second Lair branch before Depths: true
     0 | D:1      | 0 ||| qw: Lair rune preference: random
     0 | D:1      | 0 ||| qw: Goals: Normal
     0 | D:1      | 0 ||| PLANNING D:1-11
   107 | D:1      | Reached XP level 2. HP: 16/16 MP: 4/4
   109 | D:1      | Reached skill level 6 in Ranged Weapons
   371 | D:1      | 371 ||| READING scroll labelled RUMASCHIYTO.
   372 | D:1      | 372 ||| READING scroll labelled MUSAFR ZACROYGG.
   373 | D:1      | 373 ||| DROPPING scroll of butterflies.
   413 | D:2      | 413 ||| STAIRDANCE
   418 | D:1      | Reached XP level 3. HP: 10/20 MP: 5/5
   599 | D:2      | Reached skill level 7 in Ranged Weapons
  1124 | D:2      | 1124 ||| DROPPING ring of flight.
  1125 | D:2      | 1125 ||| READING scroll labelled UPSOHAULIGO.
  1126 | D:2      | 1126 ||| READING scroll labelled LOJEDU AZXACIH.
  1127 | D:2      | 1127 ||| READING scroll labelled ECWUFUURAU.
  1218 | D:3      | Reached XP level 4. HP: 25/25 MP: 6/6
  2053 | D:4      | Noticed a kobold brigand
  2065 | D:4      | HP: 6/25 [kobold brigand/+0 dagger (1)]
  2067 | D:4      | Killed a kobold brigand
  2068 | D:4      | Reached skill level 8 in Ranged Weapons
  2068 | D:4      | Reached XP level 5. HP: 5/29 MP: 7/7
  2070 | D:4      | HP: 3/29 [poisoned by a kobold brigand]
  2212 | D:4      | Noticed Natasha
  2213 | D:4      | 2213 ||| Stepping ~*~*~tactically~*~*~ (outnumbered).
  2217 | D:4      | 2217 ||| Stepping ~*~*~tactically~*~*~ (outnumbered).
  2229 | D:4      | HP: 7/29 [cerulean imp/+1 spear[Natasha] (3)]
  2230 | D:4      | HP: 2/29 [cerulean imp/+1 spear[Natasha] (2)]
  2231 | D:4      | Slain by a cerulean imp

Levels and vault maps discovered:
D:1:      minmay_arrival_jagged, layout_rooms, minmay_stone_trees_small
D:2:      layout_loops_ring, minmay_misc_feat_iff, nicolae_wormholes
D:3:      layout_basic
D:4:      layout_basic, nicolae_overflow_crystal_walls, serial_shops,
          nicolae_book_shop_shelving, nicolae_shop_rolled_up, shop_fountains,
          shop, shop, uniq_menkaure, uniq_crazy_yiuf_cottage, uniq_natasha,
          uniq_duvessa

Skill      XL: |  1  2  3  4 |
---------------+-------------+-----
Ranged Weapons | 6 7 8 |  8.7
Fighting       | |  1.5
Dodging        | |  2.4
Stealth        | |  1.2

Action                     |  1- 3 |  4- 6 || total
---------------------------+-------+-------++-------
   Fire: Shortbow          |   112 |    97 ||   209
    Use: Scroll            |     5 |       ||     5
 Armour: Leather armour    |     5 |     4 ||     9
  Dodge: Dodged            |    15 |    13 ||    28

Table legend:
 A = Non-vault XP
 B = Vault XP
 C = Vault XP percentage of total XP
 D = Non-vault monster count
 E = Vault monster count
 F = Vault count percentage of total count
                 A         B        C        D         E       F
            +---------+---------+-------+---------+---------+-------
      Total |     237 |       5 |   2.1 |      66 |       1 |   1.5
            +---------+---------+-------+---------+---------+-------
        D:1 |      46 |       0 |   0.0 |      20 |       0 |   0.0
        D:2 |      41 |       5 |  10.9 |      18 |       1 |   5.3
        D:3 |      46 |       0 |   0.0 |      25 |       0 |   0.0
        D:4 |     104 |       0 |   0.0 |       3 |       0 |   0.0
            +---------+---------+-------+---------+---------+-------
